| TOP OF THE 1ST |
|
New Hampshire Fisher Cats batting - Pitching for Trenton Thunder : LHP Nick Turner
|
|
Pitching: LHP Nick Turner
|
|
|
Batting: RHB Tokuji Kawabata
|
0-0: Called Strike 0-1: Ball 1-1: Foul Ball, location: 2F 1-2: Ball 2-2: Ball 3-2: Foul Ball, location: 2F 3-2: Foul Ball, location: 2F 3-2: Ground out 6-3 (Groundball, 6, EV 84.4 MPH)
|
|
Batting: RHB Stephen Casteel
|
0-0: Called Strike 0-1: Called Strike 0-2: Foul Ball, location: 2F 0-2: Ball 1-2: Ball 2-2: Strikes out swinging
|
|
Batting: RHB Bill Murray
|
0-0: Reached on error, E1 (Groundball, 13S, EV 68.1 MPH)
|
|
Batting: RHB Kai Stoyle
|
0-0: Called Strike 0-1: Foul Ball, location: 2F 0-2: Strikes out swinging
|
| Top of the 1st over - 0 runs, 0 hits, 1 error, 1 left on base; New Hampshire 0 - Trenton 0 |
| BOTTOM OF THE 1ST |
|
Trenton Thunder batting - Pitching for New Hampshire Fisher Cats : LHP Jon Valdovinos
|
|
Pitching: LHP Jon Valdovinos
|
|
|
Batting: SHB Jay Gagnon
|
0-0: Ball 1-0: Ball 2-0: Ball 3-0: Base on Balls
|
|
Batting: RHB Bryan Westray
|
0-0: Ball 1-0: Ball 2-0: Called Strike 2-1: Ball 3-1: Base on Balls Jay Gagnon to second
|
|
Batting: RHB Christian Shearer
|
0-0: Ball 1-0: Ball 2-0: TRIPLE (Line Drive, 78XD, EV 100.0 MPH) Jay Gagnon scores Bryan Westray scores
|
|
Batting: RHB Sam Hubbert
|
0-0: Fly out, F7 (Line Drive, 78M, EV 97.5 MPH) Runner from 3rd tags up, SCORES, no throw by LF
|
|
Batting: RHB Javier Umanzor
|
0-0: Called Strike 0-1: Ball 1-1: Called Strike 1-2: Strikes out swinging
|
|
Batting: RHB Phil Reeves
|
0-0: Ball 1-0: Ground out 4-3 (Groundball, 4, EV 79.4 MPH)
|
| Bottom of the 1st over - 3 runs, 1 hit, 0 errors, 0 left on base; New Hampshire 0 - Trenton 3 |
| TOP OF THE 2ND |
|
New Hampshire Fisher Cats batting - Pitching for Trenton Thunder : LHP Nick Turner
|
|
Batting: RHB Chris Martin
|
0-0: Ball 1-0: Ball 2-0: Called Strike 2-1: Foul Ball, location: 2F 2-2: Ball 3-2: Base on Balls
|
|
Batting: RHB Bobby Lasaguna
|
0-0: Ball 1-0: Fly out, F9 (Flyball, 9, EV 77.5 MPH)
|
|
Batting: RHB Justin Powell
|
0-0: Ball 1-0: Ball 2-0: Foul Ball, location: 2F 2-1: Called Strike Chris Martin is caught stealing 2nd base 2-4 2-2: Strikes out swinging
|
| Top of the 2nd over - 0 runs, 0 hits, 0 errors, 0 left on base; New Hampshire 0 - Trenton 3 |
| BOTTOM OF THE 2ND |
|
Trenton Thunder batting - Pitching for New Hampshire Fisher Cats : LHP Jon Valdovinos
|
|
Batting: RHB Nazeeh Zubair
|
0-0: Foul Ball, location: 2F 0-1: Ball 1-1: Foul Ball, location: 2F 1-2: Ball 2-2: Fly out, F9 (Flyball, 9, EV 86.9 MPH)
|
|
Batting: SHB David Stewart
|
0-0: Ball 1-0: Ball 2-0: Ground out 5-3 (Groundball, 56, EV 83.1 MPH)
|
|
Batting: SHB Houston Phillips
|
0-0: Foul Ball, location: 2F 0-1: Called Strike 0-2: Ball 1-2: Strikes out swinging, 2-3 out at first.
|
| Bottom of the 2nd over - 0 runs, 0 hits, 0 errors, 0 left on base; New Hampshire 0 - Trenton 3 |
| TOP OF THE 3RD |
|
New Hampshire Fisher Cats batting - Pitching for Trenton Thunder : LHP Nick Turner
|
|
Batting: LHB Eddie Muniz
|
0-0: Called Strike 0-1: Ball 1-1: Ball 2-1: Foul Ball, location: 2F 2-2: Ground out 3-1 (Groundball, 34, EV 101.2 MPH)
|
|
Batting: LHB Kurt Estep
|
0-0: Called Strike 0-1: Ball 1-1: Foul Ball, location: 2F 1-2: Foul Ball, location: 2F 1-2: Ball 2-2: Ground out U3 (Groundball, 34, EV 85.0 MPH)
|
|
Batting: RHB Tokuji Kawabata
|
0-0: Called Strike 0-1: Ball 1-1: Foul Ball, location: 2F 1-2: Ball 2-2: Ball 3-2: Fly out, F8 (Flyball, 89M, EV 76.2 MPH)
|
| Top of the 3rd over - 0 runs, 0 hits, 0 errors, 0 left on base; New Hampshire 0 - Trenton 3 |
| BOTTOM OF THE 3RD |
|
Trenton Thunder batting - Pitching for New Hampshire Fisher Cats : LHP Jon Valdovinos
|
|
Batting: SHB Jay Gagnon
|
0-0: Ball 1-0: Foul Ball, location: 2F 1-1: SINGLE (Line Drive, 9S, EV 106.2 MPH)
|
|
Batting: RHB Bryan Westray
|
0-0: SINGLE (Groundball, 56D, EV 105.6 MPH) Jay Gagnon to second
|
|
Batting: RHB Christian Shearer
|
0-0: Called Strike 0-1: Ball 1-1: Foul Ball, location: 2F 1-2: Strikes out swinging
|
|
Batting: RHB Sam Hubbert
|
0-0: Called Strike 0-1: Ball 1-1: Ball 2-1: Called Strike 2-2: Foul Ball, location: 2F 2-2: Hit by Pitch Jay Gagnon to third Bryan Westray to second
|
|
Batting: RHB Javier Umanzor
|
0-0: Swinging Strike 0-1: Ball 1-1: Grounds into double play, 6-4-3 (Groundball, 6M, EV 99.4 MPH)
|
| Bottom of the 3rd over - 0 runs, 2 hits, 0 errors, 2 left on base; New Hampshire 0 - Trenton 3 |
| TOP OF THE 4TH |
|
New Hampshire Fisher Cats batting - Pitching for Trenton Thunder : LHP Nick Turner
|
|
Batting: RHB Stephen Casteel
|
0-0: Ground out 5-3 (Groundball, 56, EV 86.9 MPH)
|
|
Batting: RHB Bill Murray
|
0-0: Ball 1-0: Swinging Strike 1-1: Foul Ball, location: 2F 1-2: Ball 2-2: Foul Ball, location: 2F 2-2: Strikes out swinging
|
|
Batting: RHB Kai Stoyle
|
0-0: Called Strike 0-1: Ball 1-1: Fly out, F8 (Flyball, 8RXD, EV 95.0 MPH)
|
| Top of the 4th over - 0 runs, 0 hits, 0 errors, 0 left on base; New Hampshire 0 - Trenton 3 |
| BOTTOM OF THE 4TH |
|
Trenton Thunder batting - Pitching for New Hampshire Fisher Cats : LHP Jon Valdovinos
|
|
Batting: RHB Phil Reeves
|
0-0: SINGLE (Line Drive, 89M, EV 99.4 MPH)
|
|
Batting: RHB Nazeeh Zubair
|
0-0: Ball 1-0: Swinging Strike 1-1: Fly out, F3 (Line Drive, 3L, EV 66.2 MPH)
|
|
Batting: SHB David Stewart
|
0-0: Ball Phil Reeves is caught stealing 2nd base 2-4 1-0: Ball 2-0: Foul Ball, location: 2F 2-1: DOUBLE (Line Drive, 7LS, EV 109.4 MPH)
|
|
Batting: SHB Houston Phillips
|
0-0: Ball 1-0: Called Strike 1-1: Ball 2-1: Fly out, F7 (Flyball, 78S, EV 82.5 MPH)
|
| Bottom of the 4th over - 0 runs, 2 hits, 0 errors, 1 left on base; New Hampshire 0 - Trenton 3 |
| TOP OF THE 5TH |
|
New Hampshire Fisher Cats batting - Pitching for Trenton Thunder : LHP Nick Turner
|
|
Batting: RHB Chris Martin
|
0-0: Ground out 6-3 (Groundball, 6, EV 84.4 MPH)
|
|
Batting: RHB Bobby Lasaguna
|
0-0: Ball 1-0: Foul Ball, location: 2F 1-1: Fly out, F5 (Popup, 56, EV 65.6 MPH)
|
|
Batting: RHB Justin Powell
|
0-0: Fly out, F7 (Flyball, 7LSF, EV 91.2 MPH)
|
| Top of the 5th over - 0 runs, 0 hits, 0 errors, 0 left on base; New Hampshire 0 - Trenton 3 |
| BOTTOM OF THE 5TH |
|
Trenton Thunder batting - Pitching for New Hampshire Fisher Cats : LHP Jon Valdovinos
|
|
Batting: SHB Jay Gagnon
|
0-0: Foul Ball, location: 2F 0-1: SOLO HOME RUN (Flyball, 9LD, EV 95.6 MPH), Distance : 349 ft
|
|
Batting: RHB Bryan Westray
|
0-0: Ball 1-0: Called Strike 1-1: Ball 2-1: Fly out, F8 (Line Drive, 8LD, EV 95.6 MPH)
|
|
Batting: RHB Christian Shearer
|
0-0: Called Strike 0-1: Called Strike 0-2: Foul Ball, location: 2F 0-2: Ground out 6-3 (Groundball, 6, EV 103.8 MPH)
|
|
Batting: RHB Sam Hubbert
|
0-0: Called Strike 0-1: Ball 1-1: Called Strike 1-2: Foul Ball, location: 2F 1-2: Foul Ball, location: 2F 1-2: Strikes out swinging
|
| Bottom of the 5th over - 1 run, 1 hit, 0 errors, 0 left on base; New Hampshire 0 - Trenton 4 |
| TOP OF THE 6TH |
|
New Hampshire Fisher Cats batting - Pitching for Trenton Thunder : LHP Nick Turner
|
|
Batting: LHB Eddie Muniz
|
0-0: Called Strike 0-1: Ball 1-1: Ball 2-1: Called Strike 2-2: Ground out 4-3 (Groundball, 4, EV 98.1 MPH)
|
|
Batting: LHB Kurt Estep
|
0-0: Ball 1-0: Ball 2-0: Ball 3-0: Called Strike 3-1: Ground out 6-3 (Groundball, P, EV 83.8 MPH)
|
|
Batting: RHB Tokuji Kawabata
|
0-0: Foul Ball, location: 2F 0-1: Ball 1-1: Called Strike 1-2: Ball 2-2: Ball 3-2: Foul Ball, location: 2F 3-2: Hit by Pitch
|
|
Batting: RHB Stephen Casteel
|
0-0: Ball Wild Pitch! Tokuji Kawabata to second 1-0: Ball 2-0: Called Strike 2-1: Foul Ball, location: 2F 2-2: Ball 3-2: Fly out, F9 (Flyball, 9S, EV 78.8 MPH)
|
| Top of the 6th over - 0 runs, 0 hits, 0 errors, 1 left on base; New Hampshire 0 - Trenton 4 |
| BOTTOM OF THE 6TH |
|
Trenton Thunder batting - Pitching for New Hampshire Fisher Cats : LHP Jon Valdovinos
|
|
Batting: RHB Javier Umanzor
|
0-0: Called Strike 0-1: Foul Ball, location: 2F 0-2: Foul Ball, location: 2F 0-2: Ground out 4-3 (Groundball, 4, EV 80.6 MPH)
|
|
Batting: RHB Phil Reeves
|
0-0: Called Strike 0-1: Foul Ball, location: 2F 0-2: Foul Ball, location: 2F 0-2: Strikes out looking
|
|
Batting: RHB Nazeeh Zubair
|
0-0: Ball 1-0: Ball 2-0: Called Strike 2-1: Ball 3-1: Called Strike 3-2: Strikes out looking
|
| Bottom of the 6th over - 0 runs, 0 hits, 0 errors, 0 left on base; New Hampshire 0 - Trenton 4 |
| TOP OF THE 7TH |
|
New Hampshire Fisher Cats batting - Pitching for Trenton Thunder : LHP Nick Turner
|
|
Batting: RHB Bill Murray
|
0-0: Ball 1-0: SINGLE (Groundball, 25, EV 71.9 MPH) (infield hit)
|
|
Batting: RHB Kai Stoyle
|
0-0: Called Strike 0-1: Foul Ball, location: 2F 0-2: Ball 1-2: Foul Ball, location: 2F 1-2: Foul Ball, location: 2F 1-2: Foul Ball, location: 2F 1-2: Foul Ball, location: 2F 1-2: Ball 2-2: Foul Ball, location: 2F 2-2: Ball 3-2: DOUBLE (Flyball, 8LXD, EV 96.9 MPH) Bill Murray to third
|
|
Pitching: RHP Jimmy Wilder
|
|
|
Batting: RHB Chris Martin
|
0-0: Called Strike 0-1: Called Strike 0-2: Ball 1-2: Ball 2-2: Foul Ball, location: 2F 2-2: Ball 3-2: Foul Ball, location: 2F 3-2: Foul Ball, location: 2F 3-2: Fly out, F9 (Flyball, 9S, EV 86.9 MPH)
|
|
Batting: RHB Bobby Lasaguna
|
0-0: Ground out 6-3 (Groundball, 6D, EV 108.1 MPH) Bill Murray scores
|
|
Batting: RHB Justin Powell
|
0-0: Foul Ball, location: 2F 0-1: Fly out, F9 (Flyball, 9LDF, EV 103.8 MPH)
|
| Top of the 7th over - 1 run, 2 hits, 0 errors, 1 left on base; New Hampshire 1 - Trenton 4 |
| BOTTOM OF THE 7TH |
|
Trenton Thunder batting - Pitching for New Hampshire Fisher Cats : LHP Jon Valdovinos
|
|
Batting: SHB David Stewart
|
0-0: Ball 1-0: Ball 2-0: Ball 3-0: Called Strike 3-1: Base on Balls
|
|
Batting: SHB Houston Phillips
|
0-0: Sac Bunt to 3S - play at first, batter OUT! 3-4 David Stewart to second
|
|
Batting: SHB Jay Gagnon
|
0-0: Ball 1-0: Ball 2-0: Foul Ball, location: 2F 2-1: SINGLE (Line Drive, 9LM, EV 100.0 MPH) David Stewart to third Runner from 3rd tries for Home, throw by RF and OUT! 9-2
|
|
Batting: RHB Bryan Westray
|
0-0: Foul Ball, location: 2F 0-1: Ball 1-1: Fly out, F3 (Popup, 3F, EV 56.2 MPH)
|
| Bottom of the 7th over - 0 runs, 1 hit, 0 errors, 1 left on base; New Hampshire 1 - Trenton 4 |
| TOP OF THE 8TH |
|
New Hampshire Fisher Cats batting - Pitching for Trenton Thunder : RHP Jimmy Wilder
|
|
Pitching: RHP David Durr
|
|
|
Batting: LHB Eddie Muniz
|
0-0: Foul Ball, location: 2F 0-1: Swinging Strike 0-2: Ball 1-2: Ball 2-2: Foul Ball, location: 2F 2-2: Strikes out swinging
|
|
Batting: LHB Kurt Estep
|
0-0: Ground out 3-1 (Groundball, 13, EV 81.2 MPH)
|
|
Batting: RHB Tokuji Kawabata
|
0-0: Ball 1-0: Ball 2-0: Called Strike 2-1: Ball 3-1: Called Strike 3-2: Fly out, F9 (Flyball, 9, EV 88.8 MPH)
|
| Top of the 8th over - 0 runs, 0 hits, 0 errors, 0 left on base; New Hampshire 1 - Trenton 4 |
| BOTTOM OF THE 8TH |
|
Trenton Thunder batting - Pitching for New Hampshire Fisher Cats : LHP Jon Valdovinos
|
|
Batting: RHB Christian Shearer
|
0-0: Ground out 3-1 (Groundball, 34, EV 100.6 MPH)
|
|
Batting: RHB Sam Hubbert
|
0-0: Ball 1-0: Foul Ball, location: 2F 1-1: Fly out, F9 (Flyball, 9S, EV 73.1 MPH)
|
|
Batting: RHB Javier Umanzor
|
0-0: Called Strike 0-1: SINGLE (Groundball, 56D, EV 96.9 MPH)
|
|
Batting: RHB Phil Reeves
|
0-0: Ball 1-0: Called Strike 1-1: Foul Ball, location: 2F 1-2: Foul Ball, location: 2F 1-2: Fly out, F8 (Flyball, 89M, EV 83.1 MPH)
|
| Bottom of the 8th over - 0 runs, 1 hit, 0 errors, 1 left on base; New Hampshire 1 - Trenton 4 |
| TOP OF THE 9TH |
|
New Hampshire Fisher Cats batting - Pitching for Trenton Thunder : RHP David Durr
|
|
Pitching: RHP Antonio Castillo
|
|
|
Now at 3B: Ben Kidder
|
|
|
Batting: RHB Stephen Casteel
|
0-0: Called Strike 0-1: Foul Ball, location: 2F 0-2: Foul Ball, location: 2F 0-2: Ball 1-2: Ground out 5-3 (Groundball, 56, EV 101.9 MPH)
|
|
Batting: RHB Bill Murray
|
0-0: Ground out 6-3 (Groundball, 6, EV 92.5 MPH)
|
|
Batting: RHB Kai Stoyle
|
0-0: Ball 1-0: Ground out 6-3 (Groundball, 6, EV 78.8 MPH)
|
| Top of the 9th over - 0 runs, 0 hits, 0 errors, 0 left on base; New Hampshire 1 - Trenton 4 |
|